 Dungeon Sprint DCSS version 0.19-a0-1922-g1e9a4c1 (webtiles) character file.

3084 LORDOFBUTT the Shatterer (level 9, -2/118 HPs)
             Began as an Ogre Berserker on Oct 24, 2016.
             Was a High Priest of Trog.
             Slain by a blink frog (12 damage)
             ... in the Dungeon (Sprint IX: "|||||||||||||||||||||||||||||").
             The game lasted 00:02:33 (761 turns).

LORDOFBUTT the Shatterer (Ogre Berserker)            Turns: 761, Time: 00:02:33

Health: -2/118     AC:  5    Str: 29    XL:     9   Next: 89%
Magic:  9/9        EV: 11    Int:  4    God:    Trog [*****.]
Gold:   0          SH:  0    Dex: 12    Spells: 0 memorised, 8 levels left

rFire  . . .     SeeInvis .     m - +2 morningstar "Lehycas" {flame, +Inv Int-2 Dex+2}
rCold  . . .     Gourm    .     b - +0 animal skin
rNeg   . . .     Faith    .     (no shield)
rPois  .         Spirit   .     (helmet restricted)
rElec  .         Reflect  .     (no cloak)
rCorr  .         Harm     .     (gloves unavailable)
MR     .....     NoTele   +     (boots unavailable)
Stlth  +.........               (no amulet)
                                o - +2 ring of protection
                                n - +3 ring of strength

@: exhausted, slowed, very slow
A: unfitting armour, tough skin 1
a: Berserk, Trog's Hand, Brothers in Arms, Burn Spellbooks, Renounce Religion,
Evoke Invisibility


You were in the Dungeon.
You worshipped Trog.
Trog was extremely pleased with you.
You were not hungry.

You visited 1 branch

Inventory:

Hand Weapons
 a - a +0 mace
 m - the +2 morningstar "Lehycas" (weapon) {flame, +Inv Int-2 Dex+2}
   (You found it in the Dungeon)

   It has been specially enchanted to burn those struck by it, causing extra
   injury to most foes and up to half again as much damage against particularly
   susceptible opponents.
   It affects your intelligence (-2).
   It affects your dexterity (+2).
   It lets you turn invisible.
Armour
 b - a +0 animal skin (worn)
Jewellery
 n - a +3 ring of strength (left hand)
 o - a +2 ring of protection (right hand)
Wands
 l - a wand of acid (7/15)
Scrolls
 c - a scroll of holy word
 i - 3 scrolls of blinking
 k - 4 scrolls of remove curse
 q - 2 scrolls of enchant weapon
 r - 2 scrolls of enchant armour
 s - a scroll of fog
Potions
 d - 5 potions of curing
 e - 2 potions of heal wounds
 f - 4 potions of haste
 g - 4 potions of magic
 h - a potion of berserk rage
 j - a potion of invisibility
 p - a potion of might


   Skills:
 + Level 16.2 Fighting
 * Level 21.2 Maces & Flails
 - Level 3.4 Dodging


You had 8 spell levels left.
You didn't know any spells.

Dungeon Overview and Level Annotations

Branches:
Dungeon (1/1)

Altars:
Cheibriados
Dithmenos
Elyvilon
Fedhas
Gozag
Hepliaklqana
Kikubaaqudgha
Makhleb
Nemelex Xobeh
Okawaru
Qazlal
Ru
Sif Muna
Trog
Uskayaw
Vehumet
Xom
Yredelemnul
Zin
The Shining One
Beogh
Jiyva
Lugonu


Innate Abilities, Weirdness & Mutations

You are too large for most types of armour.
You have tough skin. (AC +1)


Message History

You hit the yak. You burn the yak.
The yak is severely wounded.
The yak gores you!
* * * LOW HITPOINT WARNING * * *
You feel much better. The yak closely misses you.
You barely miss the yak.
The yak is severely wounded.
The yak barely misses you.
You barely miss the yak.
The yak is severely wounded.
The yak gores you!
* * * LOW HITPOINT WARNING * * *
You beat the yak like a drum!!!
You burn the yak.
You kill the yak!
Trog accepts your kill.
The blink frog blinks!
The blink frog blinks!
The bullfrog hits you.
* * * LOW HITPOINT WARNING * * *
The blink frog hits you!
You die...

▓▓▓▓▓▓▓▓▓▓▓▓▓▓▓▓▓▓▓▓▓▓▓▓▓▓▓▓▓▓▓▓▓
_______________________'....÷'...
▓▓▓▓▓▓▓▓▓▓▓▓▓▓▓▓▓▓▓▓▓▓▓▓▓▓▓▓▓▓▓▓▓
.................................
▓▓▓▓▓▓▓▓▓▓▓▓▓▓▓▓▓▓▓▓▓▓▓▓▓▓▓▓▓▓▓▓▓
+...§.§F@F†).....?(.....'
▓▓▓▓▓▓▓▓▓▓▓▓▓▓▓▓▓▓▓▓▓▓▓▓▓


You could see a blink frog and a bullfrog.

Vanquished Creatures
  A death knight (D)
  A black mamba (D)
  A gargoyle (D)
  A spiny frog (D)
  2 komodo dragons (D)
  A two-headed ogre (shapeshifter) (D)
  3 yaks (D)
  A basilisk (D)
  A phantom (D)
  2 scorpions (D)
  A quasit (D)
  A hound (D)
  An iguana (D)
  A worker ant (D)
  An adder (D)
  2 shadow imps (D)
  An ooze (D)
  A leopard gecko (D)
  An orc (D)
  A giant cockroach (D)
  A goblin (D)
  A ball python (D)
  A bat (D)
  A frilled lizard (D)
29 creatures vanquished.

Notes
Turn   | Place    | Note
-------+----------+-------------------------------------------
     0 | D        | LORDOFBUTT the Ogre Berserker began the quest for the Orb.
     0 | D        | Reached XP level 1. HP: 24/24 MP: 1/1
    22 | D        | Reached ** piety under Trog
    22 | D        | Reached skill level 5 in Fighting
    22 | D        | Reached XP level 2. HP: 29/35 MP: 2/2
    23 | D        | Reached skill level 5 in Maces & Flails
    37 | D        | Reached skill level 7 in Maces & Flails
    37 | D        | Reached XP level 3. HP: 44/44 MP: 3/3
    45 | D        | Reached *** piety under Trog
    45 | D        | Reached skill level 8 in Maces & Flails
    45 | D        | Reached XP level 4. HP: 55/55 MP: 4/4
    48 | D        | Reached skill level 9 in Maces & Flails
   305 | D        | Found a roughly hewn altar of Beogh.
   305 | D        | Found a snail-covered altar of Cheibriados.
   305 | D        | Found a shadowy altar of Dithmenos.
   305 | D        | Found a white marble altar of Elyvilon.
   305 | D        | Found a blossoming altar of Fedhas.
   305 | D        | Found an opulent altar of Gozag.
   306 | D        | Found a hazy altar of Hepliaklqana.
   307 | D        | Found a viscous altar of Jiyva.
   308 | D        | Found an ancient bone altar of Kikubaaqudgha.
   309 | D        | Found a corrupted altar of Lugonu.
   310 | D        | Found a burning altar of Makhleb.
   311 | D        | Found a sparkling altar of Nemelex Xobeh.
   312 | D        | Found an iron altar of Okawaru.
   313 | D        | Found a stormy altar of Qazlal.
   314 | D        | Found a sacrificial altar of Ru.
   315 | D        | Found a deep blue altar of Sif Muna.
   316 | D        | Found a bloodstained altar of Trog.
   317 | D        | Found a hide-covered altar of Uskayaw.
   318 | D        | Found a radiant altar of Vehumet.
   319 | D        | Found a shimmering altar of Xom.
   320 | D        | Found a basalt altar of Yredelemnul.
   321 | D        | Found a glowing silver altar of Zin.
   322 | D        | Found a glowing golden altar of the Shining One.
   340 | D        | Got the +2 morningstar "Lehycas" {flame, +Inv Int-2 Dex+2}
   357 | D        | Noticed a gargoyle
   361 | D        | Reached **** piety under Trog
   361 | D        | Reached skill level 10 in Maces & Flails
   367 | D        | Killed a gargoyle
   367 | D        | Reached skill level 14 in Maces & Flails
   367 | D        | Reached XP level 5. HP: 53/72 MP: 5/5
   367 | D        | Reached XP level 6. HP: 59/80 MP: 6/6
   368 | D        | Reached XP level 7. HP: 65/88 MP: 7/7
   370 | D        | Reached skill level 15 in Maces & Flails
   373 | D        | Reached ***** piety under Trog
   571 | D        | Noticed a yak
   571 | D        | Noticed a death knight
   571 | D        | Noticed a two-headed ogre
   574 | D        | Killed a two-headed ogre
   574 | D        | Reached skill level 16 in Maces & Flails
   582 | D        | Killed a death knight
   582 | D        | Reached skill level 18 in Maces & Flails
   582 | D        | Reached XP level 8. HP: 93/105 MP: 8/8
   592 | D        | Killed a yak
   614 | D        | Gained mutation: You have large cloven feet. [mutagenic meat]
   615 | D        | Gained mutation: You are agile. (Dex +2) [mutagenic meat]
   618 | D        | Gained mutation: You are weak. (Str -2) [mutagenic meat]
   714 | D        | Lost mutation: You are weak. (Str -2) [potion of cure mutation]
   714 | D        | Lost mutation: You have large cloven feet. [potion of cure mutation]
   714 | D        | Lost mutation: You are agile. (Dex +2) [potion of cure mutation]
   729 | D        | Noticed a komodo dragon
   729 | D        | Noticed a black mamba
   729 | D        | Noticed a komodo dragon
   729 | D        | Noticed a yak
   729 | D        | Noticed a spiny frog
   731 | D        | Noticed a yak
   735 | D        | Killed a spiny frog
   735 | D        | Reached skill level 19 in Maces & Flails
   735 | D        | Reached XP level 9. HP: 76/114 MP: 9/9
   737 | D        | Received a gift from Trog
   737 | D        | Reached skill level 15 in Fighting
   740 | D        | Killed a komodo dragon
   740 | D        | Reached skill level 20 in Maces & Flails
   750 | D        | Killed a black mamba
   752 | D        | Killed a komodo dragon
   752 | D        | Reached skill level 21 in Maces & Flails
   756 | D        | HP: 2/118 [yak (9)]
   761 | D        | Slain by a blink frog

Vault maps used:
D:        linesprint

Skill      XL: |  1  2  3  4  5  6  7  8  9 |
---------------+----------------------------+-----
Dodging        | 3 |  3.4
Fighting       | 5 6 7 11 14 16 | 16.2
Maces & Flails | 7 8 14 18 19 21 | 21.2

Action                   |  1- 3 |  4- 6 |  7- 9 || total
-------------------------+-------+-------+-------++-------
Melee: Mace              |    34 |    11 |       ||    45
       Morningstar       |       |     9 |    50 ||    59
Invok: Berserk           |     1 |     1 |     2 ||     4
  Use: Potion            |       |       |     2 ||     2
  Eat: Bread ration      |       |       |     1 ||     1
       Chunk             |       |       |     3 ||     3
Armor: Animal skin       |    12 |     2 |       ||    14
Dodge: Dodged            |    24 |     5 |    17 ||    46
